 Dungeon Crawl Stone Soup version 0.24.0-13-gcf9b3192b9 (webtiles) character file.

Game seed: 11499128920404621889, levelgen mode: deterministic

940 Gumption the Grave Robber (level 8, -1/57 HPs)
             Began as a Human Necromancer on Nov 8, 2019.
             Was an Initiate of Sif Muna.
             Slain by a wight
             ... wielding a +4 battleaxe
              (10 damage)
             ... on level 5 of the Dungeon.
             The game lasted 00:53:25 (10392 turns).

Gumption the Grave Robber (Human Necromancer)      Turns: 10392, Time: 00:53:25

Health: -1/57      AC:  7    Str:  9    XL:     8   Next: 34%
Magic:  14/14      EV: 14    Int: 18    God:    Sif Muna [......]
Gold:   305        SH:  0    Dex: 20    Spells: 7/15 levels left

rFire    + . .     SeeInvis .   w - +1 trident
rCold    + . .     Gourm    .   (no shield)
rNeg     . . .     Faith    .   u - +1 robe of Fashionability {*Contam MR+ Dex+7} (curse)
rPois    .         Spirit   .   (no helmet)
rElec    .         Reflect  .   v - scarf {rC+ rF+}
rCorr    .         Harm     .   (no gloves)
MR       +....                  (no boots)
Stlth    ++........             (no amulet)
HPRegen  0.19/turn              h - +4 ring of protection
MPRegen  0.14/turn              (no ring)

@: drained
A: no striking features
a: Renounce Religion


You were on level 5 of the Dungeon.
You worshipped Sif Muna.
Sif Muna was noncommittal.
You were not hungry.

You visited 2 branches of the dungeon, and saw 7 of its levels.

You collected 305 gold pieces.

Inventory:

Hand Weapons
 a - a +0 dagger
 c - a +0 hunting sling
 w - a +1 trident (weapon)
Missiles
 d - 176 stones
 f - 5 javelins (quivered)
Armour
 u - the cursed +1 robe of Fashionability (worn) {*Contam MR+ Dex+7}
   (You found it on level 6 of the Dungeon)

   It affects your dexterity (+7).
   It affects your resistance to hostile enchantments.
   It causes magical contamination when unequipped.
   It has a curse placed upon it.
 v - a scarf of resistance (worn)
Jewellery
 h - a +4 ring of protection (left hand)
 r - an uncursed amulet of regeneration {unknown}
 x - an uncursed ring of protection from fire {unknown}
 y - an uncursed amulet of the acrobat {unknown}
 A - an uncursed amulet of the acrobat {unknown}
Scrolls
 b - 3 scrolls of remove curse
 n - 2 scrolls of teleportation
 s - a scroll of magic mapping
 z - a scroll of fog
Potions
 g - 3 potions of flight
 i - a potion of brilliance {unknown}
 j - a potion of mutation
 k - 3 potions of curing
 l - a potion of lignification
 m - 2 potions of magic
 o - a potion of invisibility {unknown}
 p - a potion of ambrosia {unknown}
 q - 3 potions of cancellation
 t - 2 potions of might
Comestibles
 e - 8 rations


   Skills:
 + Level 2.9(2.1) Fighting
 + Level 4.5(3.7) Dodging
 - Level 2.0(1.2) Stealth
 + Level 4.2(3.4) Spellcasting
 - Level 3.0(2.2) Charms
 + Level 6.4(5.5) Necromancy


You had 7 spell levels left.
You knew the following spells:

 Your Spells              Type           Power        Failure   Level  Hunger
a - Pain                  Necr           ###.         1%          1    None
b - Animate Skeleton      Necr           N/A          1%          1    None
c - Vampiric Draining     Necr           ###.......   4%          3    ###....
z - Regeneration          Chrm/Necr      ###.......   10%         3    ###....

Your spell library contained the following spells:

 Spells                   Type           Power        Failure   Level  Hunger
 Animate Dead             Necr           N/A          16%         4    ####...


Dungeon Overview and Level Annotations

Branches:
Dungeon (6/15)             Temple (1/1) D:5

Altars:
Ashenzari
Cheibriados
Dithmenos
Elyvilon
Fedhas
Gozag
Hepliaklqana
Kikubaaqudgha
Nemelex Xobeh
Okawaru
Ru
Sif Muna
Trog
Uskayaw
Vehumet
Wu Jian
Xom
Yredelemnul
Zin
The Shining One

Annotations:
D:3 exclusion: orc priest
D:4 Sigmund
D:5 5 runed translucent doors


Message History

You climb upwards.
Level annotation: 5 runed translucent doors
There is a stone staircase leading down here.
You barely miss the wight. The wight hits you but does no damage.
The wight barely misses you.
You hit the wight.
The wight is lightly damaged.
The wight completely misses you. The wight misses you.
You hit the wight.
The wight is heavily damaged.
The wight hits you but does no damage. The wight hits you with a +4 battleaxe!
You feel drained.
You hit the wight.
The wight is heavily damaged.
The wight completely misses you. The wight hits you with a +4 battleaxe!
* * * LOW HITPOINT WARNING * * *
You hit the wight.
The wight is severely damaged.
The wight completely misses you. The wight hits you with a +4 battleaxe!
You die...

......## #.###.###.#
^^.....# #.# #.# #.#
_......#####.# #.# #.#
^^.....##....# #.# #.#
...###.##.#### #.# #.#
..####.##.# #.# #.#
#.W.....).# #.# #.#
####.#.#########z# #.##
..##.#.# #....##@# #.<#
#.##W#.# #....##z# #..#
#.#..#.# #[...##.# #..#
..#..#.# #....##.# #..#
####.#.# #....##.# #..#
.....#.# #....##.# #..#
.......###....##.###..#
##.###................#
###
.#.#a###..#####.###...#
#.#


You could see 2 wights.

Vanquished Creatures
  An ice beast (D:6)
  2 centaurs
  3 bullfrogs (D:6)
  A wight (D:5)
  A howler monkey (D:5)
  A crimson imp (D:5)
  A hound (D:4)
  A bullfrog skeleton (D:5)
  2 jellies
  2 orc wizards (D:6)
  7 adders
  A shadow imp (D:4)
  2 adder skeletons
  2 worms (D:2)
  2 dart slugs
  4 leopard geckos
  5 orcs
  3 bats
  5 giant cockroaches
  5 goblins
  4 hobgoblins
  4 jackals (D:5)
  6 kobolds
  6 quokkas
  4 ball pythons
  8 frilled lizards
  8 rats
91 creatures vanquished.

Vanquished Creatures (collateral kills)
  A bullfrog skeleton (D:5)
  A hound (D:5)
  An adder (D:2)
  A giant cockroach (D:1)
  3 bats (D:1)
  A kobold (D:3)
  A quokka zombie (D:5)
  A rat (D:1)
10 creatures vanquished.

Grand Total: 101 creatures vanquished

Notes
Turn   | Place    | Note
-------+----------+-------------------------------------------
     0 | D:1      | Gumption the Human Necromancer began the quest for the Orb.
     0 | D:1      | Reached XP level 1. HP: 13/13 MP: 3/3
     2 | D:1      | Learned a level 1 spell: Animate Skeleton
   327 | D:1      | Reached XP level 2. HP: 17/19 MP: 0/5
  1134 | D:1      | Reached XP level 3. HP: 24/24 MP: 4/6
  1143 | D:1      | Learned a level 3 spell: Vampiric Draining
  1625 | D:2      | Reached XP level 4. HP: 25/30 MP: 2/7
  2379 | D:2      | Learned a level 3 spell: Regeneration
  3276 | D:2      | Reached skill level 5 in Necromancy
  3472 | D:3      | Reached XP level 5. HP: 33/35 MP: 5/9
  3842 | D:3      | Noticed a centaur
  3865 | D:3      | Killed a centaur
  3865 | D:3      | Reached skill level 1 in Charms
  3865 | D:3      | Reached XP level 6. HP: 20/41 MP: 2/10
  4748 | D:3      | Found a shattered altar of Ashenzari.
  5260 | D:4      | Found a shadowy altar of Dithmenos.
  5297 | D:4      | Noticed Sigmund
  6040 | D:5      | Entered Level 5 of the Dungeon
  6040 | D:5      | Found a staircase to the Ecumenical Temple.
  6081 | D:4      | Reached skill level 1 in Fighting
  6386 | Temple   | Entered the Ecumenical Temple
  6618 | Temple   | Became a worshipper of Sif Muna the Loreminder
  6672 | D:5      | Found a shimmering altar of Xom.
  6686 | D:5      | Reached XP level 7. HP: 45/48 MP: 6/12
  6846 | D:5      | Noticed a soldier ant
  6850 | D:5      | Found a runed translucent gate.
  6850 | D:5      | Noticed a soldier ant
  6851 | D:5      | Noticed a soldier ant
  6851 | D:5      | Noticed a soldier ant
  6852 | D:5      | Found a runed translucent gate.
  6852 | D:5      | Found a runed translucent gate.
  6852 | D:5      | Noticed a soldier ant
  6854 | D:5      | Noticed a water moccasin
  6854 | D:5      | Noticed a water moccasin
  6863 | D:5      | Found a runed translucent door.
  8160 | D:5      | Found a runed translucent door.
  8162 | D:5      | Found the +9 staff of Olgreb {rPois}
  8955 | D:6      | Got a heavily jewelled robe
  9024 | D:6      | Found a glowing golden altar of the Shining One.
  9088 | D:6      | Reached skill level 6 in Necromancy
  9349 | D:6      | Reached XP level 8. HP: 40/57 MP: 5/13
  9504 | D:6      | Identified the cursed +1 robe of Fashionability {*Contam
                  | MR+ Dex+7} (You found it on level 6 of the Dungeon)
  9543 | D:6      | Found a white marble altar of Elyvilon.
  9639 | D:6      | Found an ancient bone altar of Kikubaaqudgha.
  9712 | D:6      | Found a bloodstained altar of Trog.
  9715 | D:6      | Found an ornate altar of the Wu Jian Council.
 10392 | D:5      | Slain by a wight

Levels and vault maps discovered:
D:1:      minmay_arrival_three_doors, layout_loops_ring
D:2:      layout_basic, first_ration
D:3:      layout_basic, cheibrodos_ashenzari_chains
D:4:      layout_cave_pods, nicolae_dithmenos_the_darkroom, fountainhead,
          uniq_sigmund
D:5:      layout_basic, xom_teletrap_fun, minmay_temple_entry_sparse_star,
          minmay_guarded_unrand_staff_of_olgreb
D:6:      layout_cave_pods, nicolae_overflow_hidden_temple, kennysheep_mini,
          tso_metal_star
Temple:   oiseaux_autumnal_temple

Skill      XL: |  1  2  3  4  5  6  7  8 |
---------------+-------------------------+-----
Necromancy     | 5 6 |  6.4
Dodging        | 3 4 |  4.5
Spellcasting   | 3 4 |  4.2
Charms         | 1 2 3 |  3.0
Fighting       | 1 2 |  2.9
Stealth        | |  2.0

Action                   |  1- 3 |  4- 6 |  7- 9 || total
-------------------------+-------+-------+-------++-------
Melee: Dagger            |     9 |    54 |    44 ||   107
       Trident           |       |       |   176 ||   176
Throw: Javelin           |       |       |    12 ||    12
       Stone             |       |       |     8 ||     8
 Cast: Pain              |    45 |   115 |    72 ||   232
       Animate Skeleton  |    20 |    17 |     6 ||    43
       Vampiric Draining |       |     1 |       ||     1
  Use: Scroll            |       |     9 |     8 ||    17
  Eat: Chunk             |     3 |    10 |     3 ||    16
       Ration            |       |     2 |     3 ||     5
Armor: Robe              |     4 |     2 |     9 ||    15
       Leather armour    |       |    32 |    53 ||    85
Dodge: Dodged            |    16 |    84 |   176 ||   276
